 Dungeon Crawl Stone Soup version 0.30-a0-860-g512cf1e979 (webtiles) character file.

Game seed: 8959192804318147666

7843 jasper the Cleaver (level 11, -2/80 HPs)
             Began as a Demonspawn Fighter on Mar 7, 2023.
             Was a High Priest of Cheibriados.
             Collided with a smoke demon (16 damage)
             ... caused by Erica
             ... on level 10 of the Dungeon.
             The game lasted 00:13:46 (10458 turns).

jasper the Cleaver (Demonspawn Fighter)            Turns: 10458, Time: 00:13:47

Health: -2/80      AC:  0    Str: 27    XL:     11   Next: 2%
Magic:  19/19      EV: 18    Int: 21    God:    Cheibriados [*****.]
Gold:   601        SH:  0    Dex: 28    Spells: 10/10 levels left

rFire   . . .      SeeInvis .    w - melded +4 battleaxe (elec)
rCold   . . .      Faith    .    (shield currently unavailable)
rNeg    . . .      Spirit   .    E - melded +0 plate armour
rPois   .          Reflect  .    (helmet currently unavailable)
rElec   .          Rampage  .    K - melded +0 cloak
rCorr   .                        e - melded +2 pair of gloves
Will    .....                    (boots currently unavailable)
Stlth   ++                       o - amulet of magic regeneration
HPRegen 0.33/turn                j - melded ring of resist corrosion
MPRegen 0.56/turn                J - melded +6 ring of dexterity

@: pig-form, very slow
A: fast, no casting, small, (thin metallic scales 2), demonic guardian 3,
(weakness stinger 1)
a: Renounce Religion, Bend Time, Temporal Distortion, Slouch, Step From Time


You were on level 10 of the Dungeon.
You worshipped Cheibriados.
Cheibriados was extremely pleased with you.
You were a filthy swine.
You visited 2 branches of the dungeon, and saw 11 of its levels.

You collected 637 gold pieces.
You spent 36 gold pieces at shops.

Inventory:

Hand Weapons
 a - a +0 war axe
 r - a +3 heavy flail
 w - a +4 battleaxe of electrocution (melded)
 x - a +2 hand axe of flaming
Missiles
 d - 21 poisoned darts (quivered)
 D - 3 silver boomerangs
 F - 3 throwing nets
Armour
 b - a +0 scale mail
 e - a +2 pair of gloves (melded)
 m - a +0 chain mail
 E - a +0 plate armour (melded)
 K - a +0 cloak (melded)
Jewellery
 g - a +6 ring of intelligence
 j - a ring of resist corrosion (melded)
 o - an amulet of magic regeneration (around neck)
 t - a +6 ring of strength
 J - a +6 ring of dexterity (melded)
Wands
 c - a wand of iceblast (10)
 p - a wand of flame (14)
 C - a wand of acid (11)
 I - a wand of polymorph (7)
Scrolls
 f - 2 scrolls of enchant weapon
 i - 6 scrolls of teleportation
 k - 2 scrolls of silence
 n - 2 scrolls of amnesia
 u - 3 scrolls of blinking
 v - 4 scrolls of identify
 y - a scroll of fog
 B - a scroll of immolation
 G - a scroll of vulnerability
 H - a scroll of magic mapping
 M - a scroll of fear
Potions
 h - 3 potions of flight
 l - 3 potions of haste
 q - a potion of ambrosia
 s - a potion of magic
 z - a potion of heal wounds
 A - 2 potions of curing
 L - 2 potions of lignification


   Skills:
 - Level 5.2 Fighting
 - Level 11.6 Axes
 - Level 4.7 Armour
 - Level 3.8 Dodging
 - Level 2.6 Shields
 + Level 11.4 Invocations


You had 10 spell levels left.
You didn't know any spells.
Your spell library contained the following spells:

 Spells                   Type           Power      Damage    Failure   Level
 Apportation              Tloc           0%         N/A       19%         1
 Beastly Appendage        Tmut           0%         N/A       19%         1
 Necrotise                Necr           0%         1d4       19%         1
 Slow                     Hex            0%         N/A       19%         1
 Summon Small Mammal      Summ           0%         N/A       19%         1
 Cigotuvi's Dreadful Rot  Necr/Pois/Air  0%         N/A       26%         2
 Poisonous Vapours        Pois/Air       0%         N/A       26%         2
 Wereblood                Tmut           0%         N/A       26%         2
 Confusing Touch          Hex            0%         N/A       47%         3
 Hailstorm                Conj/Ice       0%         3d3       47%         3
 Ignite Poison            Fire/Tmut/Pois 0%         N/A       47%         3
 Kindle Blastsparks       Fire/Tloc/Air  0%         2d10      47%         3
 Mephitic Cloud           Conj/Pois/Air  0%         N/A       47%         3
 Spider Form              Tmut/Pois      0%         N/A       47%         3
 Vampiric Draining        Necr           0%         2d6       47%         3
 Ice Form                 Ice/Tmut       0%         N/A       87%         4
 Freezing Cloud           Conj/Ice/Air   0%         6-21      99%         5
 Simulacrum               Ice/Necr       0%         N/A       100%        6


Dungeon Overview and Level Annotations

Branches:
Dungeon (10/15)            Temple (1/1) D:4            Lair (0/5) D:8
    Orc: D:9-12

Altars:
Ashenzari
Cheibriados
Dithmenos
Fedhas
Gozag
Hepliaklqana
Kikubaaqudgha
Makhleb
Nemelex Xobeh
Okawaru
Qazlal
Ru
Sif Muna
Trog
Uskayaw
Vehumet
Wu Jian
Xom
Yredelemnul

Shops:
D:2 :   D:5 *?   D:7 *

Annotations:
D:10 1 runed translucent door, Erica; relicbr's ghost, journeyman SpDe


Innate Abilities, Weirdness & Mutations

You are a filthy swine.
You move quickly.
Your equipment is almost entirely melded.
You are incapable of wielding weapons or throwing items.
You cannot cast spells.
((You are mostly covered in thin metallic scales. (AC +3)))
A powerful demonic guardian rushes to your aid.
((You have a small tail.))


Message History

Your smoke demon resists with almost no effort.
You have reached level 11!
You regained 4 hp, and now have 37/80 hp.
MP restored: 19 You hit the orc priest.
The orc priest is moderately wounded.
The orc priest closely misses you.
Your smoke demon gestures at the orc wizard.
The ball of steam hits the orc wizard!!
The orc wizard dies!
Cheibriados appreciates the change of pace.
You hear a shout!
You hit the orc priest but do no damage.
Lightning courses through the orc priest!!
You kill the orc priest!
Cheibriados appreciates the change of pace.
You swap places.
Erica the Fiery-Tempered comes into view.
She is wielding a +1 scimitar of flaming and carrying a wand of polymorph (3).
Things that are here:
a +0 short sword; a yak corpse Erica zaps a wand.
You turn into a filthy swine.
Your +4 battleaxe of electrocution melds into your body.
Your +0 cloak melds into your body.
Your +2 pair of gloves melds into your body.
Your +0 plate armour melds into your body.
Your ring of resist corrosion melds into your body.
Your +6 ring of dexterity melds into your body.
Your +4 battleaxe of electrocution stops crackling.
You feel clumsy.
The orc wizard casts a spell.
The orc wizard flickers and vanishes!
Deactivating autopickup; reactivate with Ctrl-A.
Erica gestures at you while chanting. The lance of force hits you!!
* * * LOW HITPOINT WARNING * * *
A demonic guardian appears!
You are knocked back by the lance of force.
You collide with your smoke demon!
Your smoke demon is lightly wounded.
You die...

..=..# .........#...#
.....# ........#...##
..... #...##..#..... #...
....###.......
##.#...#####..###.#....#
###.....)).# ##..#.##.....
....... #.###...... #.....
≈≈≈.≈≈. #3#>....##.###.#..
§§=..≈.##h3...# #.....###
§≈≈≈.≈.#§§...######.......
.§.§.≈..§)..####..#.......
._$≈.≈.o@.....##..........
...≈.≈...§.....#....).....
§≈.≈§≈....#........##.....
...§.≈.$.##.........#.....
≈≈≈≈§§o##..........##.....
.)..... #...........#.....


You could see Erica (ally target), an orc warrior (wandering), an orc, a
friendly soul eater (summoned) and a friendly smoke demon (summoned).

Vanquished Creatures
  A two-headed ogre (D:10)
  The ghost of zenocrate the Martial Artist, a novice OpTm of Gozag (D:9)
  A gargoyle (D:10)
  A hornet (D:9)
  Sigmund (D:3)
  A shadow (D:9)
  8 yaks
  A wraith (D:9)
  A wyvern (D:7)
  Menkaure (D:5)
  Edmund (D:5)
  A water moccasin (D:6)
  9 orc warriors
  A sky beast (D:7)
  An ice beast (D:5)
  4 black bears
  2 phantoms
  A centaur (D:9)
  A kobold brigand (D:9)
  Blork the orc (D:5)
  4 bullfrogs
  4 scorpions
  A gnoll sergeant (D:9)
  5 wights (D:6)
  5 killer bees (D:9)
  4 howler monkeys (D:9)
  2 jellies
  7 orc priests
  A gnoll bouda (D:6)
  2 iguanas (D:4)
  A sleepcap (D:6)
  9 orc wizards
  13 gnolls
  8 adders
  3 shadow imps
  2 white imps
  A worm (D:4)
  A dart slug (D:1)
  46 orcs
  5 ball pythons
  3 endoplasms
  A giant cockroach (D:2)
  7 goblins
  5 hobgoblins
  9 jackals
  13 kobolds
  A quokka (D:5)
  6 bats
  4 frilled lizards
  2 rats
214 creatures vanquished.

Vanquished Creatures (collateral kills)
  A black bear (D:7)
  A scorpion (D:6)
  An orc priest (D:8)
  2 orc wizards
  2 orcs
7 creatures vanquished.

Grand Total: 221 creatures vanquished

Notes
Turn   | Place    | Note
-------+----------+-------------------------------------------
     0 | D:1      | jasper the Demonspawn Fighter began the quest for the Orb.
     0 | D:1      | Reached XP level 1. HP: 18/18 MP: 1/1
   112 | D:1      | Gained mutation: You are partially covered in thin metallic
                  | scales. (AC +2) [demonic ancestry]
   112 | D:1      | Reached XP level 2. HP: 24/24 MP: 2/2
   704 | D:2      | Found a faded altar of an unknown god.
   989 | D:2      | Found Walokel's Book Emporium.
  1115 | D:2      | Reached XP level 3. HP: 29/29 MP: 3/3
  1869 | D:3      | Reached XP level 4. HP: 26/35 MP: 4/4
  2175 | D:3      | Noticed Sigmund
  2191 | D:3      | Killed Sigmund
  2192 | D:3      | Reached skill level 5 in Axes
  2192 | D:3      | Gained mutation: A weak demonic guardian rushes to your
                  | aid. [demonic ancestry]
  2192 | D:3      | Reached XP level 5. HP: 40/41 MP: 5/5
  2201 | D:3      | Found a radiant altar of Vehumet.
  2225 | D:3      | Gained mutation: A demonic guardian rushes to your aid.
                  | [demonic ancestry]
  2225 | D:3      | Reached XP level 6. HP: 5/47 MP: 6/6
  3104 | D:4      | Gained mutation: A powerful demonic guardian rushes to your
                  | aid. [demonic ancestry]
  3104 | D:4      | Reached XP level 7. HP: 21/52 MP: 7/7
  3230 | D:4      | Found a staircase to the Ecumenical Temple.
  3292 | Temple   | Entered the Ecumenical Temple
  3396 | Temple   | Became a worshipper of Cheibriados the Contemplative
  4050 | D:5      | Entered Level 5 of the Dungeon
  4094 | D:5      | Noticed Blork the orc
  4103 | D:5      | Killed Blork the orc
  4153 | D:5      | Found an opulent altar of Gozag.
  4158 | D:5      | Found Gozag's Platinum Reserve.
  4242 | D:5      | Found Caax's Magic Scroll Shop.
  4250 | D:5      | Bought a scroll of teleportation for 36 gold pieces
  4256 | D:5      | Noticed Edmund
  4275 | D:5      | Killed Edmund
  4391 | D:5      | Noticed Menkaure
  4402 | D:5      | Killed Menkaure
  4403 | D:5      | Reached XP level 8. HP: 46/58 MP: 8/8
  4463 | D:5      | Found a shadowy altar of Dithmenos.
  4626 | D:5      | Found a shimmering blue altar of Sif Muna.
  4641 | D:5      | Reached * piety under Cheibriados
  5477 | D:6      | Reached skill level 10 in Axes
  5852 | D:6      | Reached skill level 1 in Dodging
  6061 | D:6      | Gained mutation: You are mostly covered in thin metallic
                  | scales. (AC +3) [demonic ancestry]
  6061 | D:6      | Reached XP level 9. HP: 64/64 MP: 9/9
  6549 | D:7      | Reached ** piety under Cheibriados
  6589 | D:7      | Found Humedimp's Overcharged Wands.
  6853 | D:7      | Identified the +4 spear "Olel" {distort, Int+2}
  7196 | D:8      | Reached *** piety under Cheibriados
  7505 | D:8      | Reached skill level 5 in Fighting
  7829 | D:8      | Identified the +3 pair of gloves of Noughts and Crosses
                  | {Harm Dex-3 SInv}
  7833 | D:8      | Found a staircase to the Lair.
  8735 | D:9      | Gained mutation: You have a small tail. [demonic ancestry]
  8735 | D:9      | Reached XP level 10. HP: 34/74 MP: 10/10
  8884 | D:9      | Reached **** piety under Cheibriados
  8957 | D:9      | Reached skill level 1 in Invocations
  9036 | D:9      | Found a runed translucent gate.
  9104 | D:9      | Found a hide-covered altar of Uskayaw.
  9387 | D:9      | Reached skill level 5 in Invocations
  9638 | D:9      | Found a runed translucent gate.
  9640 | D:9      | Found a runed translucent gate.
  9643 | D:9      | Noticed zenocrate's ghost (novice OpTm)
  9798 | D:9      | Killed zenocrate's ghost
  9798 | D:9      | Reached ***** piety under Cheibriados
 10207 | D:10     | Entered Level 10 of the Dungeon
 10256 | D:10     | Noticed a two-headed ogre
 10264 | D:10     | Killed a two-headed ogre
 10265 | D:10     | Reached skill level 10 in Invocations
 10373 | D:10     | Found a runed translucent door.
 10377 | D:10     | Noticed relicbr's ghost (journeyman SpDe)
 10400 | D:10     | Noticed a gargoyle
 10407 | D:10     | Killed a gargoyle
 10438 | D:10     | Found a broken altar of Ashenzari.
 10455 | D:10     | Reached XP level 11. HP: 37/80 MP: 19/19
 10457 | D:10     | Noticed Erica
 10458 | D:10     | Collided with a smoke demon

Illustrated notes

Levels and vault maps discovered:
D:1:      minmay_arrival_doors, layout_rooms
D:2:      layout_loops_corners, serial_shops, shop,
          chequers_ecumenical_altar_simple_redux, basic_altar
D:3:      layout_basic, lemuel_crystal_altar, uniq_sigmund
D:4:      layout_loops_ring, minmay_temple_entry_nine_rooms
D:5:      layout_loops_ring, mainiacjoe_overflow_alcove_1,
          nicolae_dithmenos_the_darkroom, nicolae_gozag_zags_fifth_avenue,
          serial_shops, shop, minivault_25, grunt_decor_fettered, uniq_menkaure,
          uniq_blork_the_orc, uniq_edmund
D:6:      layout_basic
D:7:      layout_cave_pools, chequers_serial_rivers_micro_b,
          nicolae_shop_overcharged_wands
D:8:      layout_layer_cave, lair_entry_dummy, special_room [special_room_orc],
          minmay_misc_feat_secret_circle
D:9:      layout_basic, nicolae_uskayaw_murder_on_the_dancefloor,
          gammafunk_ghost_spectres
D:10:     layout_cave_pools, mainiacjoe_overflow_concentric_impassable,
          hellmonk_ghost_happy_afterlife, minmay_liquid_box, uniq_erica
Temple:   kb_temple_of_zot

Skill      XL: |  1  2  3  4  5  6  7  8  9 10 |
---------------+-------------------------------+-----
Axes           | 2 3 5 7 8 10 11 | 11.6
Armour         | 3 4 |  4.7
Dodging        | 1 3 |  3.8
Fighting       | 5 |  5.2
Invocations    | 11 | 11.4
Shields        | |  2.6

Action                     |  1- 3 |  4- 6 |  7- 9 | 10-12 || total
---------------------------+-------+-------+-------+-------++-------
  Melee: War axe           |    97 |    79 |   145 |       ||   321
         Battleaxe         |       |       |   126 |   106 ||   232
         Tailslap          |       |       |       |    11 ||    11
  Throw: Stone             |    17 |    13 |    16 |       ||    46
         Dart              |       |     4 |    16 |     4 ||    24
    Use: Scroll            |     7 |     4 |     8 |     1 ||    20
         Potion            |       |     4 |     2 |       ||     6
   Stab: Distracted        |       |     1 |       |     1 ||     2
 Armour: Scale mail        |    26 |       |       |       ||    26
         Chain mail        |    48 |    70 |    96 |       ||   214
         Plate armour      |       |       |    74 |    75 ||   149
  Dodge: Dodged            |    38 |    30 |   135 |    59 ||   262
  Block: Buckler           |    22 |    24 |    35 |       ||    81

Table legend: (Time is in decaauts)
 A = Elapsed time spent in this place.
 B = Non-inter-level travel time spent in this place.
 C = Inter-level travel time spent in this place.
 D = Time resting spent in this place.
 E = Time spent auto-exploring this place.
 F = Levels seen in this place.
 G = Mean time per level.
                   A        B        C        D        E       F      G
               +--------+--------+--------+--------+--------+-----+--------+
         Total |  13089 |  12424 |    665 |    816 |   9641 |  11 | 1189.9 |
       Dungeon |  12979 |  12331 |    648 |    816 |   9561 |  10 | 1297.9 |
        Temple |    109 |     93 |     16 |      0 |     80 |   1 |  109.0 |
               +--------+--------+--------+--------+--------+-----+--------+

Top non-repeatable levels by time:
     D:9: 2342 daAuts
     D:8: 2136 daAuts
     D:6: 1609 daAuts
     D:5: 1336 daAuts
     D:3: 1243 daAuts
     D:4: 1183 daAuts
     D:2: 1081 daAuts
     D:7: 970 daAuts
     D:1: 679 daAuts
    D:10: 397 daAuts
  Temple: 109 daAuts
